 Dungeon Crawl Stone Soup version 0.32-a0-39-g5c88369fb2 (webtiles) character file.

Game seed: 12961151640423013466

21 IndexError the Magician (level 3, -1/28 HPs)
             Began as a Djinni Fire Elementalist on Jan 30, 2024.
             Killed from afar by Sigmund (3 damage)
             ... with a puff of flame
             ... on level 2 of the Dungeon.
             The game lasted 00:02:01 (1045 turns).

IndexError the Magician (Djinni Fire Elementalist)  Turns: 1045, Time: 00:02:02

Health: -1/28      AC:  2    Str:  7    XL:     3   Next: 2%
Gold:   48         EV: 12    Int: 18    God:
                   SH:  0    Dex: 13

rFire   + + .        b - +0 dagger
rCold   x . .        (no shield)
rNeg    . . .        a - +0 robe
rPois   ∞            (no helmet)
rElec   .            (no cloak)
rCorr   .            (no gloves)
SInv    .            (boots unavailable)
Will    .....        (no amulet)
Stlth   ++           (no ring)
HPRegen 0.24/turn    (no ring)
MPRegen 0.00/turn

%: infuse magic (-2 HP)
@: flying
A: sickness immunity, fire resistance 2, cold vulnerability 1, float, innate
caster, HP casting, extra vitality 1
a: no special abilities


You were on level 2 of the Dungeon.
You visited 1 branch of the dungeon, and saw 2 of its levels.

You collected 48 gold pieces.

Inventory:

Hand Weapons
 b - a +0 dagger (weapon)
   (You took it off a goblin on level 1 of the Dungeon)
Missiles
 f - 5 atropa-tipped darts
Armour
 a - a +0 robe (worn)
Scrolls
 c - a scroll of enchant weapon {unknown}
 e - a scroll of revelation {unknown}
 i - a scroll of enchant armour {unknown}
 k - a scroll of silence {unknown}
 l - a scroll of fog {unknown}
Potions
 d - 4 potions of curing {unknown}
 g - a potion of berserk rage {unknown}
 h - a potion of degeneration {unknown}
 j - a potion of brilliance {unknown}


   Skills:
 * Level 1.8 Fighting
 - Level 2.1 Dodging
 - Level 1.5 Stealth
 + Level 3.3 Spellcasting
 + Level 3.3 Conjurations
 + Level 3.3 Hexes
   Level 0.0 Charms
 + Level 3.3 Summonings
 + Level 3.3 Necromancy
 + Level 3.3 Translocations
   Level 0.0 Transmutations
 + Level 3.3 Fire Magic
 + Level 3.3 Ice Magic
 + Level 3.3 Air Magic
 + Level 3.3 Earth Magic
 + Level 3.3 Alchemy


You knew the following spells:

 Your Spells              Type           Power      Damage    Failure   Level
a - Foxfire               Conj/Fire      56%        2x1d6     4%          1
b - Scorch                Fire           28%        2d6       6%          2
c - Volatile Blastmotes   Fire/Tloc      28%        2d12      12%         3
d - Inner Flame           Hex/Fire       14%        N/A       12%         3
e - Flame Wave            Conj/Fire      14%        2d6       38%         4
s - Slow                  Hex            56%        N/A       4%          1
Your spell library was empty.

Dungeon Overview and Level Annotations

Branches:
Dungeon (2/15)

Altars:

Annotations:
D:2 Sigmund


Innate Abilities, Weirdness & Mutations

You are immune to sickness and miasma.
You are immune to poison.
Your flesh is very heat resistant. (rF++)
You are vulnerable to cold. (rC-)
You float through the air rather than walking.
You learn spells naturally, not from books.
Your magical power is your life essence.
You have superior vitality. (+4 MHP)


Message History

You conjure some foxfire!
The foxfire hits the ball python. x2
The goblin misses you.
You conjure some foxfire!
The foxfire hits the goblin.
You take 1 damage, and have 19/23 hp.
You conjure some foxfire!
You take 1 damage, and have 18/23 hp.
HP restored.
A rat comes into view.
Health restored: 23 A rat is nearby!
There is a stone staircase leading up here.
You fly upwards.
There is a stone staircase leading down here.
Things that are here:
a stone; a +0 dagger
There is a stone staircase leading down here.
You fly downwards.
There is a stone staircase leading up here.
You fly upwards.
There is a stone staircase leading down here.
Things that are here:
a stone; a +0 dagger
There is a stone staircase leading down here.
There is a stone staircase leading down here.
You fly downwards.
There is a stone staircase leading up here.
l - a scroll labelled NYANEYTHOY
There is a stone staircase leading up here.
A giant cockroach comes into view.
A giant cockroach is nearby!
You conjure some foxfire!
You take 1 damage, and have 22/23 hp.
You conjure some foxfire!
The foxfire hits the giant cockroach but does no damage. x2
You take 1 damage, and have 21/23 hp.
You conjure some foxfire!
The foxfire hits the giant cockroach. x2
You take 1 damage, and have 20/23 hp.
A giant cockroach is nearby!
The foxfire hits the giant cockroach.
You have reached level 3!
Your experience leads to an increase in your attributes!
Increase (s)trength, (i)ntelligence, or (d)exterity?
You feel clever. x2
The power to cast Slow wells up from within.
Spell assigned to 's'.
You regained 5 hp, and now have 25/28 hp.
HP restored.
Sigmund the Dreaded comes into view.
He is wielding a +0 scythe.
Sigmund shouts!
Sigmund mumbles some strange words.
Sigmund flickers and vanishes!
Deactivating autopickup; reactivate with Ctrl-A.
Health restored: 28 You conjure some foxfire!
You conjure some foxfire!
The foxfire hits something. x2; Something hits you.
You take 7 damage, and have 21/28 hp.
MASSIVE DAMAGE!!
You conjure some foxfire!
Something hits you.
You take 4 damage, and have 17/28 hp.
You conjure some foxfire!
The foxfire hits something. x3
You are too injured to fight recklessly!
You are too injured to fight recklessly!
You take 1 damage, and have 16/28 hp.
The foxfire hits something.
Something hits you.
You are too injured to fight recklessly!
You take 1 damage, and have 15/28 hp.
You are too injured to fight recklessly!
You are too injured to fight recklessly!
Casting: Foxfire (safe; 4% risk of failure)
Confirm with . or Enter, or press ? or * to list all spells.
You conjure some foxfire!
You hear some strange, mumbled words.
A puff of flame appears from out of thin air!
The puff of flame hits you. You resist.
You take 2 damage, and have 13/28 hp.
Casting: Foxfire (safe; 4% risk of failure)
Confirm with . or Enter, or press ? or * to list all spells.
You conjure some foxfire!
Something hits you!
* * * LOW HITPOINT WARNING * * *
You take 11 damage, and have 2/28 hp.
MASSIVE DAMAGE!!
Casting: Foxfire (safe; 4% risk of failure)
Confirm with . or Enter, or press ? or * to list all spells.
You conjure some foxfire!
* * * LOW HITPOINT WARNING * * *
The foxfire hits something. x3
You take 1 damage, and have 1/28 hp.
Casting: Foxfire (safe; 4% risk of failure)
Confirm with . or Enter, or press ? or * to list all spells.
You don't have enough health to cast this spell.
Casting: Foxfire (safe; 4% risk of failure)
Confirm with . or Enter, or press ? or * to list all spells.
You don't have enough health to cast this spell.
Casting: Foxfire (safe; 4% risk of failure)
Confirm with . or Enter, or press ? or * to list all spells.
You don't have enough health to cast this spell.
The foxfire hits something but does no damage.
The foxfire hits something.
You hear some strange, mumbled words.
A puff of flame appears from out of thin air!
The puff of flame hits you. You resist.
You die...

#.........##..######
###.......#...........
................#####.
##.#.....####..#
#...#....####..##
#.#.<...........# #
#...###.#####.#.####(##
....##
#.#.....§§§...... ###.
#.#.###.#@§§...# #. #.#
#.#.###### #. #.#
#.#{..# ## #.#.#.#
#.#.#.# #.#.# # ..#.#.#
#..{.$.#.# #.######.##


There were no monsters in sight!

Vanquished Creatures
  An endoplasm (D:1)
  A giant cockroach (D:2)
  5 goblins
  2 hobgoblins (D:1)
  3 ball pythons
  A bat (D:1)
  2 frilled lizards (D:1)
  2 kobolds (D:1)
  3 rats (D:1)
20 creatures vanquished.

Vanquished Creatures (others)
  95 foxfires
95 creatures vanquished.

Grand Total: 115 creatures vanquished

Notes
Turn   | Place    | Note
-------+----------+-------------------------------------------
     0 | D:1      | IndexError the Djinni Fire Elementalist began the quest for
                  | the Orb.
     0 | D:1      | IndexError set off with the following spells memorised:
                  | Foxfire, Scorch, Volatile Blastmotes, Inner Flame, Flame
                  | Wave.
     0 | D:1      | Reached XP level 1. HP: 15/15 MP: 0/0
   180 | D:1      | Reached XP level 2. HP: 20/22 MP: 0/0
   205 | D:1      | Reached skill level 1 in Fighting
   998 | D:2      | Reached XP level 3. HP: 25/28 MP: 0/0
   998 | D:2      | Learned a level 1 spell: Slow
  1030 | D:2      | Noticed Sigmund
  1043 | D:2      | HP: 2/28 [something (10)]
  1045 | D:2      | Killed from afar by Sigmund

Illustrated notes

Levels and vault maps discovered:
D:1:      reono_arrival_forest_river, layout_loops_ring, moated_statue
D:2:      layout_loops_ring, basic_altar, minmay_parallelograms,
          chequers_serial_rivers_small_3, uniq_crazy_yiuf_cottage, uniq_sigmund

Skill      XL: |  1  2 |
---------------+-------+-----
Fighting       | 1 |  1.8
Dodging        | |  2.1
Stealth        | |  1.5
Spellcasting   | |  3.3
Conjurations   | |  3.3
Hexes          | |  3.3
Summonings     | |  3.3
Necromancy     | |  3.3
Translocations | |  3.3
Fire Magic     | |  3.3
Ice Magic      | |  3.3
Air Magic      | |  3.3
Earth Magic    | |  3.3
Alchemy        | |  3.3

Action                     || total
---------------------------++-------
   Cast: Foxfire           ||    57
 Armour: Robe              ||     9
  Dodge: Dodged            ||     5

Table legend: (Time is in decaauts)
 A = Elapsed time spent in this place.
 B = Non-inter-level travel time spent in this place.
 C = Inter-level travel time spent in this place.
 D = Time resting spent in this place.
 E = Time spent auto-exploring this place.
 F = Levels seen in this place.
 G = Mean time per level.
                   A        B        C        D        E       F      G
               +--------+--------+--------+--------+--------+-----+--------+
         Total |   1044 |    881 |    163 |      0 |    734 |   2 |  522.0 |
       Dungeon |   1044 |    881 |    163 |      0 |    734 |   2 |  522.0 |
               +--------+--------+--------+--------+--------+-----+--------+

Top non-repeatable levels by time:
     D:1: 946 daAuts
     D:2: 98 daAuts

Levels and vault maps discovered:
D:1:      reono_arrival_forest_river, layout_loops_ring, moated_statue
D:2:      layout_loops_ring, basic_altar, minmay_parallelograms,
          chequers_serial_rivers_small_3, uniq_crazy_yiuf_cottage, uniq_sigmund

Table legend: (Time is in decaauts)
 A = Elapsed time spent in this place.
 B = Non-inter-level travel time spent in this place.
 C = Inter-level travel time spent in this place.
 D = Time resting spent in this place.
 E = Time spent auto-exploring this place.
 F = Levels seen in this place.
 G = Mean time per level.
                   A        B        C        D        E       F      G
               +--------+--------+--------+--------+--------+-----+--------+
         Total |   1044 |    881 |    163 |      0 |    734 |   2 |  522.0 |
       Dungeon |   1044 |    881 |    163 |      0 |    734 |   2 |  522.0 |
               +--------+--------+--------+--------+--------+-----+--------+

Top non-repeatable levels by time:
     D:1: 946 daAuts
     D:2: 98 daAuts

Table legend:
 A = Kills in this place as a percentage of kills in the entire game.
 B = Kills by you in this place as a percentage of kills by you in the entire game.
 C = Kills by friends in this place as a percentage of kills by friends in the entire game.
 D = Other kills in this place as a percentage of other kills in the entire game.
 E = Experience gained in this place as a percentage of experience gained in the entire game.
 F = Experience gained in this place divided by the number of levels of this place that you have seen.
                   A       B       C       D       E      F
               +-------+-------+-------+-------+-------+----------------------
         Total | 100.0 | 100.0 |   N/A |   N/A | 100.0 |  15.0
       Dungeon | 100.0 | 100.0 |   N/A |   N/A | 100.0 |  15.0
               +-------+-------+-------+-------+-------+----------------------
